 Dungeon Crawl Stone Soup version 0.31.0-11-ge490571c62 (webtiles) character file.

Game seed: 14796459808547838868

18 Bravepunisher the Ducker (level 2, -4/16 HPs)
             Began as a Spriggan Monk on Feb 3, 2024.
             Killed by nerve-wracking pain
             ... invoked by Menkaure
              (6 damage)
             ... on level 5 of the Dungeon.
             The game lasted 00:04:47 (868 turns).

Bravepunisher the Ducker (Spriggan Monk)             Turns: 868, Time: 00:04:48

Health: -4/16      AC:  2    Str:  7    XL:     2   Next: 48%
Magic:  3/3        EV: 19    Int: 11    God:
Gold:   71         SH:  0    Dex: 17    Spells: 1/1 levels left

rFire   . . .        a - +0 short sword
rCold   . . .        (no shield)
rNeg    . . .        b - +0 robe
rPois   .            (helmet restricted)
rElec   .            (no cloak)
rCorr   +            (gloves unavailable)
SInv    +            (boots unavailable)
Will    .....        (no amulet)
Stlth   ++           d - ring of resist corrosion
HPRegen 0.22/turn    (no ring)
MPRegen 0.08/turn

%: no passive effects
@: very quick
A: very small, no large weapons, unfitting armour, see invisible, speed 3
a: no special abilities


You were on level 5 of the Dungeon.
You visited 1 branch of the dungeon, and saw 5 of its levels.

You collected 71 gold pieces.

Inventory:

Hand Weapons
 a - a +0 short sword (weapon)
Armour
 b - a +0 robe (worn)
Jewellery
 d - a ring of resist corrosion (left hand)
Wands
 e - a wand of digging (1)
 h - a wand of paralysis (2)
Scrolls
 f - a scroll of fear {unknown}
 g - 2 scrolls of identify {unknown}
Potions
 c - a potion of ambrosia


   Skills:
 + Level 2.7 Fighting
 - Level 3.2 Short Blades
 * Level 4.8 Dodging


You had one spell level left.
You didn't know any spells.
Your spell library contained the following spells:

 Spells                   Type           Power      Damage    Failure   Level
 Inner Flame              Hex/Fire       0%         N/A       71%         3
 Irradiate                Conj/Alch      0%         3d11      100%        5
 Ignition                 Fire           0%         3d3       100%        8


Dungeon Overview and Level Annotations

Branches:
Dungeon (5/15)
 Temple: D:4-7

Altars:
Ashenzari
Nemelex Xobeh
Trog

Shops:
D:1 :

Annotations:
D:3 Sigmund
D:5 Dowan, Duvessa, Menkaure


Innate Abilities, Weirdness & Mutations

You are very small and have problems with some larger weapons.
You are too small for most types of armour.
You have supernaturally acute eyesight. (SInv)
You cover ground extremely quickly. (Speed+++)


Message History

The quokka is almost dead.
The quokka bites you.
You hit the quokka.
You kill the quokka!
A howler monkey is nearby!
The howler monkey howls!
The howler monkey hoots and howls with incredible vigour!
There is an open door here.
As you close the door, it creaks loudly!
An iguana comes into view.
Found a stone staircase leading down.
Something unseen opens the door.
Found a serpent talisman.
The iguana hisses angrily.
There is a stone staircase leading down here.
There is a stone staircase leading down here.
You climb downwards.
Level annotation: Dowan, Duvessa The orc shouts!
You hear a shout!
There is a stone staircase leading up here.
A jelly comes into view.
The jelly quivers.
An orc comes into view. It is wielding a +0 dagger.
The orc throws a boomerang.
The boomerang misses you. The jelly attacks as it pursues you!
The jelly barely misses you.
Found 11 gold pieces.
The orc attacks as it pursues you! The orc hits you with a +0 war axe.
Menkaure, Prince of Dust comes into view.
Menkaure shouts!
The jelly attacks as it pursues you! The jelly closely misses you.
Found a broken altar of Ashenzari.
The adder hisses angrily.
Menkaure hits you!
Ouch! That really hurt!
* * * LOW HITPOINT WARNING * * *
The orc throws a boomerang.
The boomerang misses you.
An adder comes into view.
Menkaure points at you and mumbles some strange words.
Pain shoots through your body!
You die...

.................
.#######...####.$
..S... #o.....§§. #
..###.##..≈§≈≈§§≈
#.#.........≈§..§..
.#.###.#.o.≈.♣♣♣♣♣
..... #.J.≈.♣ #.##
#...≈.♣._
#@#####...≈.....
#.....MJ..≈S♣♣♣♣
########..≈....
...≈≈≈≈≈ #.......
####.### .# #


You could see Menkaure, a jelly and an adder (asleep).

Vanquished Creatures
  A dart slug (D:1)
  A ribbon worm (D:3)
  A ball python (D:2)
  An endoplasm (D:3)
  2 goblins
  2 kobolds
  2 quokkas
  3 bats (D:3)
13 creatures vanquished.

Notes
Turn   | Place    | Note
-------+----------+-------------------------------------------
     0 | D:1      | Bravepunisher the Spriggan Monk began the quest for the
                  | Orb.
     0 | D:1      | Reached XP level 1. HP: 11/11 MP: 2/2
    31 | D:1      | Found Fase Ilu's Book Emporium.
   329 | D:2      | Found a sparkling altar of Nemelex Xobeh.
   379 | D:3      | Reached XP level 2. HP: 15/16 MP: 3/3
   384 | D:3      | Noticed Sigmund
   394 | D:4      | Found a bloodstained altar of Trog.
   442 | D:5      | Entered Level 5 of the Dungeon
   447 | D:5      | Noticed Dowan
   447 | D:5      | Noticed Duvessa
   498 | D:4      | Noticed a howler monkey
   577 | D:2      | You fall into a shaft and drop 1 floor!
   858 | D:5      | Noticed Menkaure
   862 | D:5      | Found a broken altar of Ashenzari.
   868 | D:5      | Killed from afar by Menkaure

Illustrated notes

Levels and vault maps discovered:
D:1:      minmay_arrival_glassed_features, layout_basic, serial_shops, shop,
          shop
D:2:      layout_basic, basic_altar, chequers_serial_rivers_room_a
D:3:      layout_basic, serial_bayou_pond_e, amcnicky_mini_pool_small,
          uniq_sigmund, uniq_jessica, uniq_natasha
D:4:      layout_basic, amcnicky_altar_gilded,
          mainiacjoe_overflow_surrounded_room, uniq_ijyb
D:5:      layout_basic, mainiacjoe_overflow_brackets, uniq_duvessa,
          uniq_eustachio, uniq_menkaure

Action                     || total
---------------------------++-------
  Melee: Short sword       ||    82
   Stab: Sleeping          ||     2
 Armour: Robe              ||    35
  Dodge: Dodged            ||    93
